 Dungeon Crawl Stone Soup version 0.20-a0-32-gb8e7c72 (webtiles) character file.

1296 yukitheduck the Covert (level 8, -3/44 HPs)
             Began as a Spriggan Assassin on Nov 8, 2016.
             Was a Believer of Dithmenos.
             Shot with an arrow by a centaur (14 damage)
             ... on level 8 of the Dungeon.
             The game lasted 00:37:27 (11999 turns).

yukitheduck the Covert (Spriggan Assassin)         Turns: 11999, Time: 00:37:28

Health: -3/44      AC:  4    Str:  5    XL:     8   Next: 31%
Magic:  18/18      EV: 18    Int: 13    God:    Dithmenos [**....]
Gold:   357        SH:  0    Dex: 19    Spells: 0 memorised, 7 levels left

rFire  . . .     SeeInvis +     a - +3 dagger
rCold  . . .     Gourm    .     c - +0 robe
rNeg   . . .     Faith    +     (shield restricted)
rPois  .         Spirit   .     (helmet restricted)
rElec  .         Reflect  .     d - +1 cloak
rCorr  +         Harm     .     (gloves unavailable)
MR     +....                    (boots unavailable)
Stlth  +++++++...               w - amulet of faith
                                D - ring of magical power
                                C - ring of resist corrosion

@: wreathed by umbra, very quick
A: unfitting armour, hooves 1, see invisible, herbivore 3, speed 3, robust 1,
slow metabolism 2, weak 1
a: Shadow Step, Renounce Religion


You were on level 8 of the Dungeon.
You worshipped Dithmenos.
Dithmenos was pleased with you.
You were not hungry.

You visited 2 branches of the dungeon, and saw 9 of its levels.
You also visited: Ossuary.

You collected 357 gold pieces.

Inventory:

Hand Weapons
 a - a +3 dagger (weapon)
 b - a +0 blowgun
 h - a +0 dagger
 z - the +1 rapier of the Harvest {antimagic, rN+ MR+ Str-5 Int+5}
   (You found it on level 8 of the Dungeon)

   It reduces the magical energy of the wielder, and disrupts the spells and
   magical abilities of those hit.
   Natural abilities and divine invocations are not affected.
   It affects your strength (-5).
   It affects your intelligence (+5).
   It protects you from negative energy.
   It affects your resistance to hostile enchantments.
Missiles
 e - 31 poisoned needles
 f - 2 curare-tipped needles
Armour
 c - a +0 robe (worn)
 d - a +1 cloak (worn)
 B - a +0 buckler
Jewellery
 u - an uncursed ring of see invisible {unknown}
 w - an amulet of faith (around neck)
 C - a ring of resist corrosion (left hand)
 D - a ring of magical power (right hand)
Wands
 j - a wand of polymorph (8/24)
 k - a wand of iceblast (6/15)
 t - a wand of polymorph (1/24)
 A - a wand of flame (33/48)
Scrolls
 l - 3 scrolls of recharging
 s - 3 scrolls of identify
 v - 2 scrolls of enchant armour
 y - 3 scrolls of remove curse
 E - 2 scrolls of teleportation
 H - 2 scrolls of amnesia
Potions
 i - 3 potions of curing
 m - 2 potions of cure mutation
 o - 3 potions of agility
 p - 3 potions of lignification {unknown}
 q - 3 potions of flight {unknown}
 r - a potion of berserk rage {unknown}
 x - a potion of resistance {unknown}
 G - 3 potions of haste {unknown}
 I - a potion of degeneration {unknown}
 J - a potion of cancellation {unknown}
Books
 F - the Grimoire of Power
   (You found it on level 8 of the Dungeon)

   Spells                             Type                      Level
   a - Ozocubu's Armour               Charms/Ice                   3
   b - Leda's Liquefaction            Hexes/Earth                  4
   c - Iron Shot                      Conjuration/Earth            6
   d - Bolt of Cold                   Conjuration/Ice              6
Comestibles
 g - 5 bread rations
 n - 7 fruits


   Skills:
 + Level 3.0 Fighting
 - Level 7.1 Short Blades
 - Level 2.0 Throwing
 - Level 3.0 Dodging
 - Level 12.0 Stealth


You had 7 spell levels left.
You didn't know any spells.

Dungeon Overview and Level Annotations

Branches:
Dungeon (8/15)             Temple (1/1) D:4
   Lair: D:8-11

Altars:
Ashenzari
Cheibriados
Dithmenos
Elyvilon
Fedhas
Gozag
Hepliaklqana
Kikubaaqudgha
Makhleb
Nemelex Xobeh
Okawaru
Qazlal
Ru
Sif Muna
Trog
Uskayaw
Vehumet
Xom
Yredelemnul
Zin
The Shining One

Annotations:
D:6 Taeram's ghost, amateur TrBe


Innate Abilities, Weirdness & Mutations

You are very small and have problems with some larger weapons.
You are too small for most types of armour.
You have supernaturally acute eyesight. (SInv)
You are a herbivore.
You cover ground extremely quickly.
You need consume almost no food.
You have large cloven feet.
You are robust. (+10% HP)
You are weak. (Str -2)


Message History

As you read the scroll of identify, it crumbles to dust.
z - the +1 rapier of the Harvest {antimagic, rN+ MR+ Str-5 Int+5}
F - the Grimoire of Power You start resting.
Found a ruby potion.
Found 17 gold pieces.
J - a ruby potion
There are no items here.
A crocodile comes into view.
The crocodile moves out of view.
Found 18 gold pieces.
You start resting.
A rat comes into view.
The centaur shoots an arrow.
The arrow hits you!
* * * LOW HITPOINT WARNING * * *
You see here an arrow.
The centaur shoots an arrow.
The arrow closely misses you.
You see here an arrow.
The centaur shoots an arrow.
The arrow hits you!
You die...

########......P.PPP.#
###r........PPP...P...#
....####.lcPPP..P..P.. ###
##..#..#....P####.PP.P #...
#......#.P...# #P.P..
.....###.......P..# +...P.
................P.# #P.PP.
.....#..((.##..P.P......$P.
b.$.t..###@.#.$.PPP...P...#
.....## ##.#......PP.....
..... ...#...P..P ....
.#####.P.. ## ... .# ### ..
### .# # .. ##


You could see a centaur, an iguana and a rat (wandering).

Vanquished Creatures
  A wraith (Ossuary)
  A phantom (D:6)
  2 centaurs
  A big kobold (D:7)
  A scorpion (D:6)
  4 killer bees (D:8)
  A howler monkey (D:5)
  A crimson imp (D:4)
  A bullfrog zombie (D:7)
  2 orc priests
  2 orc wizards
  Jessica (D:4)
  3 worker ants
  4 mummies
  10 adders
  A shadow imp (D:6)
  2 oozes
  An adder skeleton (D:7)
  An adder zombie (D:5)
  3 dart slugs
  7 leopard geckos
  17 orcs
  2 ball pythons
  12 bats
  5 giant cockroaches
  8 goblins
  5 hobgoblins
  9 jackals
  10 kobolds
  5 quokkas
  5 frilled lizards
  3 goblin zombies
  4 hobgoblin zombies (Ossuary)
  A jackal skeleton (D:5)
  A kobold zombie (Ossuary)
  3 orc zombies
  15 rats
155 creatures vanquished.

Vanquished Creatures (others)
  8 fungi (D:8)
8 creatures vanquished.

Grand Total: 163 creatures vanquished

Notes
Turn   | Place    | Note
-------+----------+-------------------------------------------
     0 | D:1      | yukitheduck the Spriggan Assassin began the quest for the Orb.
     0 | D:1      | Reached XP level 1. HP: 10/10 MP: 2/2
    12 | D:1      | Reached skill level 6 in Stealth
   454 | D:1      | Reached XP level 2. HP: 14/14 MP: 3/3
   674 | D:1      | Reached skill level 7 in Stealth
  1457 | D:2      | Reached XP level 3. HP: 10/18 MP: 4/4
  1648 | D:2      | Reached skill level 8 in Stealth
  1682 | D:2      | Gained mutation: You are weak. (Str -2) [potion of mutation]
  1682 | D:2      | Gained mutation: You are robust. (+10% HP) [potion of mutation]
  1682 | D:2      | Gained mutation: You have large cloven feet. [potion of mutation]
  1944 | D:2      | Reached XP level 4. HP: 20/25 MP: 5/5
  2694 | D:3      | Found an opulent altar of Gozag.
  3640 | D:4      | Reached XP level 5. HP: 28/28 MP: 6/6
  3717 | D:4      | Noticed an ogre
  4521 | D:4      | Found a sparkling altar of Nemelex Xobeh.
  4521 | D:4      | Noticed Jessica
  4525 | D:4      | Killed Jessica
  4900 | D:4      | Found a staircase to the Ecumenical Temple.
  4907 | Temple   | Entered the Ecumenical Temple
  5025 | Temple   | Became a worshipper of Dithmenos the Shadowed
  5326 | D:4      | Reached XP level 6. HP: 28/35 MP: 7/7
  5782 | D:3      | Found a stormy altar of Qazlal.
  5782 | D:3      | Found a sacrificial altar of Ru.
  5782 | D:3      | Found a white marble altar of Elyvilon.
  6068 | D:5      | Entered Level 5 of the Dungeon
  6107 | D:5      | Reached skill level 5 in Short Blades
  6146 | D:5      | Noticed a water moccasin
  6499 | D:5      | Found a burning altar of Makhleb.
  6499 | D:5      | Noticed a cacodemon
  7684 | D:6      | Reached skill level 9 in Stealth
  7745 | D:6      | Reached skill level 10 in Stealth
  7745 | D:6      | Reached XP level 7. HP: 39/39 MP: 8/8
  7837 | D:6      | Found a sand-covered staircase.
  7842 | Ossuary  | Entered an ossuary
  7842 | Ossuary  | Noticed a wraith
  7842 | Ossuary  | Noticed a wraith
  7842 | Ossuary  | Noticed a wraith
  7863 | Ossuary  | Reached * piety under Dithmenos
  8207 | Ossuary  | Noticed a wraith
  8209 | Ossuary  | Killed a wraith
  8209 | Ossuary  | Reached skill level 11 in Stealth
  8331 | D:6      | Noticed a troll
  8397 | D:6      | Noticed Taeram's ghost (amateur TrBe)
  8567 | D:7      | Reached skill level 12 in Stealth
  9997 | D:8      | Reached ** piety under Dithmenos
 10288 | D:8      | Reached XP level 8. HP: 44/44 MP: 9/9
 11198 | D:7      | Found a shattered altar of Ashenzari.
 11964 | D:8      | Got an ancient rapier
 11966 | D:8      | Identified the +1 rapier of the Harvest {antimagic, rN+ MR+ Str-5 Int+5} (You found it on level 8 of the Dungeon)
 11970 | D:8      | Identified the Grimoire of Power
 11999 | D:8      | Shot with an arrow by a centaur

Vault maps used:
D:1:      enne_arrival_octagon_isle
D:2:      first_bread, nrook_loot_triangle
D:3:      nicolae_overflow_hidden_temple
D:4:      nemelex_lonely_heart_becter
D:5:      makhleb_altar_promises_db
D:6:      nicolae_ossuary_entry_giza, serial_shops, shop
D:7:      lemuel_coloured_pillars_altar, st_stairs_8
D:8:      grunt_lair_entry_orc_guard_hut
Temple:   lightli_temple_of_artemis
Ossuary:  ossuary_kennysheep_city_of_the_dead

Skill      XL: |  1  2  3  4  5  6  7  8 |
---------------+-------------------------+-----
Stealth        | 6 7 8 10 12 | 12.0
Fighting       | 2 3 |  3.0
Dodging        | 2 3 |  3.0
Short Blades   | 3 4 5 6 7 |  7.1
Throwing       | |  2.0

Action                   |  1- 3 |  4- 6 |  7- 9 || total
-------------------------+-------+-------+-------++-------
Melee: Dagger            |   106 |   345 |   283 ||   734
       Kick              |     2 |    61 |    77 ||   140
Evoke: Wand              |       |       |     7 ||     7
  Use: Potion            |     2 |     3 |     1 ||     6
       Scroll            |     2 |     9 |     8 ||    19
 Stab: Sleeping          |    11 |    22 |    21 ||    54
       Distracted        |     1 |       |       ||     1
  Eat: Bread ration      |       |     1 |       ||     1
       Pizza             |       |       |     2 ||     2
Armor: Robe              |    10 |    44 |    27 ||    81
Dodge: Dodged            |    55 |   215 |   271 ||   541
